 Dungeon Crawl Stone Soup version 0.29-a0-617-g7a6b98fccd (webtiles) character file.

Game seed: 12322282154852052510

3799 YayAnonymity the Slinger (level 10, -16/74 HPs)
             Began as a Formicid Hunter on June 18, 2022.
             Was a Follower of Fedhas.
             Demolished by a boulder beetle (52 damage)
             ... on level 8 of the Dungeon.
             The game lasted 00:12:18 (8960 turns).

YayAnonymity the Slinger (Formicid Hunter)          Turns: 8960, Time: 00:12:19

Health: -16/74     AC: 18    Str: 15    XL:     10   Next: 39%
Magic:  13/13      EV:  7    Int: 10    God:    Fedhas [*.....]
Gold:   896        SH: 17    Dex: 21    Spells: 9/9 levels left

rFire   + + .      SeeInvis +   a - +2 fustibalus (flame)
rCold   . . .      Faith    .   d - +1 tower shield {rF+}
rNeg    . . .      Spirit   .   g - +0 plate armour
rPois   .          Reflect  .   (helmet unavailable)
rElec   .          Harm     .   x - +1 cloak
rCorr   .          Rampage  .   (no gloves)
Will    +....                   p - +2 pair of boots
Stlth   ..........              (no amulet)
HPRegen 0.22/turn               e - +4 ring of evasion
MPRegen 0.13/turn               r - ring of protection from fire

@: studying Crossbows
A: permanent stasis, dig shafts and tunnels, antennae 3, four strong arms
a: Dig, Shaft Self, Renounce Religion


You were on level 8 of the Dungeon.
You worshipped Fedhas.
Fedhas was aware of your devotion.
You visited 2 branches of the dungeon, and saw 9 of its levels.

You collected 1140 gold pieces.
You spent 244 gold pieces at shops.

Inventory:

Hand Weapons
 a - a +2 fustibalus of flaming (weapon)
 b - the +4 spear of Fues {speed, rElec}
   (You found it on level 4 of the Dungeon)

   Attacks with this weapon are significantly faster.
   rElec:     It insulates you from electricity.
Missiles
 o - 6 javelins
 q - 15 poisoned darts
Armour
 d - a +1 tower shield of fire resistance (worn)
 g - a +0 plate armour (worn)
 p - a +2 pair of boots (worn)
 x - a +1 cloak (worn)
Jewellery
 e - a +4 ring of evasion (left hand)
 r - a ring of protection from fire (right hand)
 s - a +4 ring of evasion
Wands
 m - a wand of flame (23)
 u - a wand of light (13)
 w - a wand of digging (5)
Scrolls
 c - 5 scrolls of immolation
Potions
 f - 2 potions of lignification
 h - a potion of flight
 i - 2 potions of curing
 j - a potion of cancellation
 k - 7 potions of heal wounds
 l - a potion of might
 n - a potion of invisibility {unknown}
 v - 2 potions of mutation


   Skills:
 - Level 5.0 Fighting
 * Level 11.3 Slings
 + Level 7.2 Armour
 - Level 2.0 Dodging
 - Level 1.2 Stealth
 + Level 7.0 Shields
 + Level 5.2 Invocations


You had 9 spell levels left.
You didn't know any spells.
Your spell library contained the following spells:

 Spells                   Type           Power      Damage    Failure   Level
 Magic Dart               Conj           0%         1d3       100%        1
 Sting                    Tmut/Pois      0%         1d3       100%        1
 Call Imp                 Summ           0%         N/A       100%        2
 Passwall                 Tmut/Erth      0%         N/A       100%        2
 Poisonous Vapours        Pois/Air       0%         N/A       100%        2
 Ignite Poison            Fire/Tmut/Pois 0%         N/A       100%        3
 Inner Flame              Hex/Fire       0%         N/A       100%        3
 Mephitic Cloud           Conj/Pois/Air  0%         N/A       100%        3
 Freezing Cloud           Conj/Ice/Air   0%         6-21      100%        5
 Simulacrum               Ice/Necr       0%         N/A       100%        6
 Storm Form               Tmut/Air       0%         N/A       100%        7
 Chain Lightning          Conj/Air       0%         N/A       100%        9
 Fire Storm               Conj/Fire      0%         5d1       100%        9
 Shatter                  Erth           0%         3d5*      100%        9


Dungeon Overview and Level Annotations

Branches:
Dungeon (8/15)             Temple (1/1) D:7            Lair (0/6) D:8

Altars:
Ashenzari
Cheibriados
Dithmenos
Elyvilon
Fedhas
Gozag
Hepliaklqana
Kikubaaqudgha
Makhleb
Nemelex Xobeh
Okawaru
Qazlal
Ru
Sif Muna
Uskayaw
Wu Jian
Xom
Yredelemnul
Zin
The Shining One

Shops:
D:5 !   D:6 [   D:7 (!


Innate Abilities, Weirdness & Mutations

You cannot be hasted, slowed, berserked, paralysed or teleported.
You can dig through walls and to a lower floor.
You have a pair of large antennae on your head. (SInv)
Your four strong arms can wield two-handed weapons with a shield.


Message History

The sling bullet burns the boulder beetle.
The boulder beetle is lightly wounded.
You block the boulder beetle's attack.
The boulder beetle leaps!
Fire: a) +2 fustibalus (flame)
Press: ? - help, Q - select action, (/) - cycle Shift-Dir - straight line, f/p - boulder beetle
Aim: a boulder beetle (lightly wounded, 91% to hit)
You shoot a sling bullet.
The sling bullet hits the boulder beetle but does no damage.
The boulder beetle is lightly wounded.
Fire: a) +2 fustibalus (flame)
Press: ? - help, Q - select action, (/) - cycle Shift-Dir - straight line, f/p - boulder beetle
Aim: a boulder beetle (lightly wounded, 91% to hit)
You shoot a sling bullet.
The sling bullet hits the boulder beetle.
The sling bullet burns the boulder beetle.
The boulder beetle is lightly wounded.
The boulder beetle leaps!
Fire: a) +2 fustibalus (flame)
Press: ? - help, Q - select action, (/) - cycle Shift-Dir - straight line, f/p - boulder beetle
Aim: a boulder beetle (lightly wounded, 91% to hit)
You shoot a sling bullet.
The sling bullet completely misses the boulder beetle.
Fire: a) +2 fustibalus (flame)
Press: ? - help, Q - select action, (/) - cycle Shift-Dir - straight line, f/p - boulder beetle
Aim: a boulder beetle (lightly wounded, 91% to hit)
You shoot a sling bullet.
The sling bullet hits the boulder beetle but does no damage.
The boulder beetle is lightly wounded.
The boulder beetle curls into a ball and begins rolling!
Fire: a) +2 fustibalus (flame)
Press: ? - help, Q - select action, (/) - cycle Shift-Dir - straight line, f/p - boulder beetle
Aim: a boulder beetle (rolling, 91% to hit)
You shoot a sling bullet.
The sling bullet hits the boulder beetle.
The sling bullet burns the boulder beetle.
The boulder beetle is lightly wounded.
The boulder beetle hits you!!!
Ouch! That really hurt!
You die...
Fedhas appreciates your contribution to the ecosystem.

♣.♣ {♣.♣{ ♣.♣ {⌠.
.# ## ♣♣.♣♣ #.###
#. ♣.♣.♣.♣ .....
#.♣♣♣. ♣.♣ ?♣♣♣..#
#....♣♣♣.♣♣♣.....#
##
#.(.♣♣.[.♣♣@....#
.. #.)♣.....♣B.####
.#
##))...#..°.#####.
.#
#..##.####°.......
.#
##.###.####!#######
.# #...........#
.#####..##...#####
........##...#
..####.......#


You could see a boulder beetle (rolling).

Vanquished Creatures
  A cyclops (D:8)
  A hornet (D:7)
  The ghost of jujuben the Shooter, an amateur GrHu of Zin (D:4)
  2 water moccasins
  2 orc warriors
  3 black bears
  An ice beast (D:5)
  An ogre (D:6)
  A centaur (D:7)
  2 phantoms
  3 bullfrogs
  A necrophage (D:6)
  3 scorpions
  12 wights
  4 hounds
  3 jellies
  3 orc priests
  Crazy Yiuf (D:7)
  2 gnoll shamans (D:6)
  5 iguanas
  6 orc wizards
  10 gnolls
  13 adders
  A shadow imp (D:6)
  2 white imps (D:6)
  An ufetubus (D:5)
  2 worms
  4 dart slugs
  17 orcs
  7 endoplasms
  2 giant cockroaches
  9 goblins
  7 hobgoblins
  4 jackals (D:3)
  4 kobolds
  2 quokkas (D:1)
  7 ball pythons
  5 bats
  2 frilled lizards (D:1)
  4 rats
161 creatures vanquished.

Vanquished Creatures (others)
  13 fungi (D:8)
  11 plants (D:8)
24 creatures vanquished.

Grand Total: 185 creatures vanquished

Notes
Turn   | Place    | Note
-------+----------+-------------------------------------------
     0 | D:1      | YayAnonymity the Formicid Hunter began the quest for the
                  | Orb.
     0 | D:1      | Reached XP level 1. HP: 16/16 MP: 1/1
    62 | D:1      | Reached XP level 2. HP: 23/23 MP: 2/2
   342 | D:1      | Reached skill level 1 in Armour
   342 | D:1      | Reached XP level 3. HP: 28/28 MP: 3/3
   379 | D:1      | Got the Compendium of Enchanting Transformation
   673 | D:2      | Reached skill level 5 in Slings
  1008 | D:2      | Reached XP level 4. HP: 17/34 MP: 4/4
  1264 | D:2      | Got Tucimicw's Papyrus of Cold and Lightness
  1652 | D:2      | Found a faded altar of an unknown god.
  2021 | D:3      | Reached XP level 5. HP: 38/41 MP: 5/5
  2353 | D:3      | Reached skill level 6 in Slings
  2353 | D:3      | Reached XP level 6. HP: 47/47 MP: 6/6
  2497 | D:3      | You fall into a shaft and drop 3 floors!
  2519 | D:6      | Noticed an ogre
  2526 | D:6      | Killed an ogre
  2740 | D:6      | Reached XP level 7. HP: 54/54 MP: 7/7
  2923 | D:6      | Reached skill level 7 in Slings
  3236 | D:6      | Found Vuakez's Armour Boutique.
  3503 | D:6      | Identified 3 scrolls of acquirement
  3503 | D:6      | Acquired a +1 fustibalus of flaming
  3519 | D:5      | Entered Level 5 of the Dungeon
  3521 | D:5      | Acquired a +1 tower shield of fire resistance
  3528 | D:5      | Acquired 802 gold pieces
  3608 | D:5      | Found Dianulo's Distillery.
  3610 | D:5      | Found a hide-covered altar of Uskayaw.
  3616 | D:5      | Bought a potion of heal wounds for 55 gold pieces
  3616 | D:5      | Bought a potion of curing for 33 gold pieces
  3648 | D:5      | Reached skill level 1 in Shields
  3655 | D:5      | Reached XP level 8. HP: 25/61 MP: 8/8
  3703 | D:5      | Reached skill level 5 in Fighting
  4199 | D:5      | Reached skill level 8 in Slings
  4782 | D:4      | Found a runed translucent door.
  4787 | D:4      | Noticed jujuben's ghost (amateur GrHu)
  4844 | D:4      | Identified the ring of Yesterday {Drain Will- Str+8 Slay+4
                  | SInv}
  4858 | D:4      | Identified the +4 spear of Fues {speed, rElec}
  4905 | D:4      | Reached skill level 5 in Armour
  5017 | D:4      | Found a blossoming altar of Fedhas.
  5137 | D:4      | Became a worshipper of Fedhas Madash
  5445 | D:4      | Reached skill level 9 in Slings
  5445 | D:4      | Reached skill level 1 in Invocations
  5452 | D:4      | Reached XP level 9. HP: 60/68 MP: 9/9
  5469 | D:4      | Killed jujuben's ghost
  6899 | D:6      | Reached skill level 5 in Shields
  7286 | D:7      | Found a staircase to the Ecumenical Temple.
  7298 | Temple   | Entered the Ecumenical Temple
  7435 | D:7      | Noticed a hornet
  7441 | D:7      | Killed a hornet
  7442 | D:7      | Reached skill level 10 in Slings
  7468 | D:7      | Found Unurircha's Distillery.
  7666 | D:7      | Reached * piety under Fedhas
  7693 | D:7      | Bought a potion of curing for 36 gold pieces
  7693 | D:7      | Bought a potion of heal wounds for 60 gold pieces
  7693 | D:7      | Bought a potion of heal wounds for 60 gold pieces
  7782 | D:7      | Found Ysulom's Weapon Emporium.
  8051 | D:7      | Reached XP level 10. HP: 65/73 MP: 13/13
  8114 | D:7      | Found a runed translucent door.
  8115 | D:7      | Noticed Crazy Yiuf
  8219 | D:7      | Killed Crazy Yiuf
  8557 | D:8      | Found a staircase to the Lair.
  8659 | D:8      | Noticed a cyclops
  8671 | D:8      | Killed a cyclops
  8672 | D:8      | Reached skill level 11 in Slings
  8672 | D:8      | Reached skill level 5 in Invocations
  8953 | D:8      | Noticed a boulder beetle
  8960 | D:8      | Demolished by a boulder beetle

Illustrated notes

Levels and vault maps discovered:
D:1:      lightli_arrival_boilingwater, layout_rooms
D:2:      layout_rooms, hellmonk_ecumenical_altar_leap_of_faith,
          due_unseen_surprise
D:3:      layout_basic
D:4:      kennysheep_spiral_hall, layout_basic, fedhas_ov_isle_minmay,
          ebering_ghost_sewer_d
D:5:      layout_basic, mainiacjoe_overflow_paths, serial_shops, shop,
          glass_columns_b, roderic_lattice_a
D:6:      layout_cave_pods, serial_shops, shop, st_stairs_2
D:7:      layout_rooms, minmay_temple_entry_wispy, serial_shops,
          nicolae_shop_advertising_works [nicolae_subvault_shop_adworks],
          nicolae_shop_temple_entry_statues_fountains, uniq_crazy_yiuf_cottage
D:8:      minmay_bloctagon_deflated, layout_loops_cross,
          grunt_lair_entry_orc_guard_hut, dk_noncrumbling_4, kb_rosetta
Temple:   mainiacjoe_temple_coin_purse

Skill      XL: |  1  2  3  4  5  6  7  8  9 10 |
---------------+-------------------------------+-----
Dodging        | 2 |  2.0
Armour         | 1 2 3 4 5 6 7 |  7.2
Slings         | 5 6 7 9 10 11 | 11.3
Fighting       | 3 4 5 |  5.0
Shields        | 1 4 6 7 |  7.0
Invocations    | 1 4 5 |  5.2
Stealth        | |  1.2

Action                   |  1- 3 |  4- 6 |  7- 9 | 10-12 || total
-------------------------+-------+-------+-------+-------++-------
 Fire: Hunting sling     |    87 |   140 |    82 |       ||   309
       Fustibalus        |       |       |   274 |    61 ||   335
 Abil: Dig               |     1 |       |       |       ||     1
  Use: Scroll            |       |       |    20 |       ||    20
Armor: Plate armour      |    50 |   123 |   193 |    33 ||   399
Dodge: Dodged            |    18 |    51 |    74 |    13 ||   156
Block: Tower shield      |       |       |   216 |    59 ||   275

Table legend: (Time is in decaauts)
 A = Elapsed time spent in this place.
 B = Non-inter-level travel time spent in this place.
 C = Inter-level travel time spent in this place.
 D = Time resting spent in this place.
 E = Time spent auto-exploring this place.
 F = Levels seen in this place.
 G = Mean time per level.
                   A        B        C        D        E       F      G
               +--------+--------+--------+--------+--------+-----+--------+
         Total |   9596 |   9345 |    251 |   1345 |   6086 |   9 | 1066.2 |
       Dungeon |   9465 |   9227 |    238 |   1345 |   5984 |   8 | 1183.1 |
        Temple |    130 |    117 |     13 |      0 |    102 |   1 |  130.0 |
               +--------+--------+--------+--------+--------+-----+--------+

Top non-repeatable levels by time:
     D:6: 2443 daAuts
     D:2: 1203 daAuts
     D:5: 1186 daAuts
     D:4: 1137 daAuts
     D:7: 1021 daAuts
     D:3: 1006 daAuts
     D:8: 754 daAuts
     D:1: 713 daAuts
  Temple: 130 daAuts
